 Dungeon Crawl Stone Soup version 0.28.0-49-g6dfe1f597d (webtiles) character file.

Game seed: 10348776561831086239

254 issech the Thaumaturge (level 6, -4/44 HPs)
             Began as a Gnoll Wanderer on May 17, 2022.
             Killed from afar by an orc wizard (9 damage)
             ... with a puff of flame
             ... on level 4 of the Dungeon.
             The game lasted 00:13:00 (3705 turns).

issech the Thaumaturge (Gnoll Wanderer)             Turns: 3705, Time: 00:13:00

Health: -4/44      AC:  3    Str: 13    XL:     6   Next: 14%
Magic:  11/20      EV: 11    Int: 19    God:
Gold:   118        SH:  0    Dex: 10    Spells: 24/27 levels left

rFire   . . .      SeeInvis .   w - +10 falchion of Dygh {protect, rElec Str+3 Int+3}
rCold   . . .      Faith    .   b - +0 buckler
rNeg    . . .      Spirit   .   d - +0 robe
rPois   .          Reflect  .   (no helmet)
rElec   +          Harm     .   (no cloak)
rCorr   .          Rampage  .   u - +0 pair of gloves
Will    .....                   (no boots)
Stlth   +.........              (no amulet)
HPRegen 0.14/turn               (no ring)
MPRegen 0.17/turn               (no ring)

@: confused
A: fangs 1, strong nose, distributed training
a: no special abilities


You were on level 4 of the Dungeon.
You visited 1 branch of the dungeon, and saw 4 of its levels.

You collected 118 gold pieces.

Inventory:

Hand Weapons
 a - a +0 short sword
 f - a +0 hunting sling
 j - a +0 long sword
 l - a +2 dagger of protection
 w - the +10 falchion of Dygh (weapon) {protect, rElec Str+3 Int+3}
   (You found it on level 3 of the Dungeon)

   It grants its wielder temporary protection when it strikes (+7 to AC).
   Str:       It affects your strength (+3).
   Int:       It affects your intelligence (+3).
   rElec:     It insulates you from electricity.
Missiles
 c - 85 stones
 e - 14 bolts
 h - 2 large rocks
 m - 55 sling bullets
 q - a curare-tipped dart
Armour
 b - a +0 buckler (worn)
 d - a +0 robe (worn)
 u - a +0 pair of gloves (worn)
Magical Staves
 s - a staff of fire
Wands
 r - a wand of polymorph (9)
Scrolls
 i - 2 scrolls of identify
 n - a scroll of enchant weapon
 o - a scroll of magic mapping
 v - a scroll of fear {unknown}
 y - a scroll of amnesia {unknown}
Potions
 g - a potion of brilliance {unknown}
 k - a potion of might {unknown}
 p - a potion of degeneration {unknown}
 t - a potion of berserk rage {unknown}
 x - 2 potions of attraction {unknown}


   Skills:
 + Level 1.8 Fighting
 + Level 4.9 Short Blades
 + Level 1.8 Long Blades
 + Level 1.8 Axes
 + Level 1.8 Maces & Flails
 + Level 1.8 Polearms
 + Level 1.8 Staves
 + Level 1.8 Slings
 + Level 1.8 Bows
 + Level 1.8 Crossbows
 + Level 1.8 Throwing
 + Level 1.8 Armour
 + Level 1.8 Dodging
 + Level 1.8 Stealth
 + Level 3.1 Shields
 + Level 1.8 Unarmed Combat
 + Level 11.4 Spellcasting
 + Level 1.4 Conjurations
 + Level 1.4 Hexes
 + Level 1.4 Summonings
 + Level 1.4 Necromancy
 + Level 1.4 Translocations
 + Level 1.4 Transmutations
 + Level 1.4 Fire Magic
 + Level 1.4 Ice Magic
 + Level 1.4 Air Magic
 + Level 1.4 Earth Magic
 + Level 1.4 Poison Magic
 + Level 3.3 Invocations
 + Level 1.8 Evocations


You had 24 spell levels left.
You knew the following spells:

 Your Spells              Type           Power      Damage    Failure   Level
a - Sandblast             Erth           32%        2d9       4%          1
b - Summon Small Mammal   Summ           64%        N/A       4%          1
c - Shock                 Conj/Air       64%        1d7       4%          1

Your spell library contained the following spells:

 Spells                   Type           Power      Damage    Failure   Level
 Corpse Rot               Necr/Air       32%        N/A       7%          2
 Ensorcelled Hibernation  Hex/Ice        32%        N/A       7%          2
 Call Canine Familiar     Summ           16%        N/A       14%         3
 Spider Form              Tmut/Pois      16%        N/A       14%         3
 Swiftness                Air            16%        N/A       14%         3
 Airstrike                Air            8%         N/A       43%         4
 Anguish                  Hex/Necr       8%         N/A       43%         4


Dungeon Overview and Level Annotations

Branches:
Dungeon (4/15)
 Temple: D:4-7

Altars:
Xom

Shops:
D:2 (!*


Innate Abilities, Weirdness & Mutations

You have very sharp teeth.
Your uncanny sense of smell can sniff out nearby items.
Your experience applies equally to all skills.


Message History

You feel your power leaking away.
Unknown command.
You miss something. Something hits you but does no damage.
The gnoll barely misses you. Something hits you.
The orc throws a boomerang of dispersal.
The boomerang of dispersal barely misses you.
Things that are here:
a +0 short sword; a +0 ring mail The orc throws a boomerang of dispersal.
You block the boomerang of dispersal.
You slash something!
Your weapon exudes an aura of protection.
Something hits you.
You miss something. The gnoll hits you but does no damage.
You hear some strange, mumbled words.
You are confused.
The gnoll misses you.
You bump into the rock wall.
Something hits you but does no damage. The gnoll closely misses you.
You bump into the rock wall.
You hear some strange, mumbled words.
You are more confused.
The gnoll hits you from afar with a +1 antimagic spear!
* * * LOW HITPOINT WARNING * * *
You feel your power leaking away.
You bump into the rock wall.
Something hits you.
* * * LOW HITPOINT WARNING * * *
The gnoll hits you but does no damage.
You bump into the rock wall.
You hear some strange, mumbled words.
A magic dart appears from out of thin air!
The magic dart hits you.
* * * LOW HITPOINT WARNING * * *
The gnoll misses you.
You hear some strange, mumbled words.
Something tries to affect you, but you resist.
You hear some strange, mumbled words.
A puff of flame appears from out of thin air!
The puff of flame hits you!
You die...

######### #.o)o)..#
#.####.....# ########g#
..... #.....@{.# ....
#......### ...
#.......# .# #.......#
####
#######.########.......
.>.....................
..######......##......
..#.........##.....
....^^^^.#...# ....


You could see a gnoll.

Vanquished Creatures
  A kobold brigand (D:3)
  5 gnolls (D:4)
  5 adders
  An ufetubus (D:4)
  An adder skeleton (D:4)
  2 worms
  5 dart slugs
  An orc (D:4)
  3 endoplasms
  4 giant cockroaches
  10 goblins
  6 hobgoblins
  8 kobolds
  7 ball pythons
  6 bats
  A frilled lizard (D:1)
  3 rats
69 creatures vanquished.

Notes
Turn   | Place    | Note
-------+----------+-------------------------------------------
     0 | D:1      | Reached skill level 11 in Spellcasting
     0 | D:1      | issech the Gnoll Wanderer began the quest for the Orb.
     0 | D:1      | issech set off with the following items: a +0 short sword,
                  | a +0 buckler, 38 stones, a +0 robe; and the following
                  | spells available to memorise: Sandblast, Summon Small
                  | Mammal, Corpse Rot, Call Canine Familiar
     0 | D:1      | Reached XP level 1. HP: 13/13 MP: 12/12
     2 | D:1      | Learned a level 1 spell: Sandblast
     4 | D:1      | Learned a level 1 spell: Summon Small Mammal
   262 | D:1      | Reached XP level 2. HP: 9/19 MP: 14/14
   732 | D:1      | Reached XP level 3. HP: 20/25 MP: 12/15
  1187 | D:2      | Found Ironifec's Assorted Antiques.
  1347 | D:2      | Found Huist's Weapon Shop.
  1378 | D:2      | Reached skill level 1 in Fighting
  1378 | D:2      | Reached skill level 1 in Long Blades
  1378 | D:2      | Reached skill level 1 in Axes
  1378 | D:2      | Reached skill level 1 in Maces & Flails
  1378 | D:2      | Reached skill level 1 in Polearms
  1378 | D:2      | Reached skill level 1 in Staves
  1378 | D:2      | Reached skill level 1 in Slings
  1378 | D:2      | Reached skill level 1 in Bows
  1378 | D:2      | Reached skill level 1 in Crossbows
  1378 | D:2      | Reached skill level 1 in Throwing
  1378 | D:2      | Reached skill level 1 in Armour
  1378 | D:2      | Reached skill level 1 in Dodging
  1378 | D:2      | Reached skill level 1 in Stealth
  1378 | D:2      | Reached skill level 1 in Unarmed Combat
  1378 | D:2      | Reached skill level 1 in Evocations
  1458 | D:2      | Reached XP level 4. HP: 27/32 MP: 17/17
  1854 | D:2      | Found Zuomee's Distillery.
  2336 | D:3      | Learned a level 1 spell: Shock
  2386 | D:3      | Noticed a kobold brigand
  2406 | D:3      | Killed a kobold brigand
  2407 | D:3      | Reached skill level 1 in Conjurations
  2407 | D:3      | Reached skill level 1 in Hexes
  2407 | D:3      | Reached skill level 1 in Summonings
  2407 | D:3      | Reached skill level 1 in Necromancy
  2407 | D:3      | Reached skill level 1 in Translocations
  2407 | D:3      | Reached skill level 1 in Transmutations
  2407 | D:3      | Reached skill level 1 in Fire Magic
  2407 | D:3      | Reached skill level 1 in Ice Magic
  2407 | D:3      | Reached skill level 1 in Air Magic
  2407 | D:3      | Reached skill level 1 in Earth Magic
  2407 | D:3      | Reached skill level 1 in Poison Magic
  2407 | D:3      | Reached XP level 5. HP: 5/37 MP: 13/18
  2985 | D:3      | Identified the +10 falchion of Dygh {protect, rElec Str+3
                  | Int+3}
  3455 | D:4      | Reached XP level 6. HP: 20/44 MP: 20/20
  3647 | D:4      | Found a shimmering altar of Xom.
  3705 | D:4      | Killed from afar by an orc wizard

Illustrated notes

Levels and vault maps discovered:
D:1:      dpeg_arrival_lava_temple_mockup, layout_basic, serial_curves,
          eino_curves_04, eino_curves_02
D:2:      layout_loops_ring, serial_shops, nicolae_shop_bloodbath_and_beyond,
          shop, nicolae_shop_behind_doors
D:3:      layout_loops_ring, minmay_misc_feat_doors
D:4:      layout_basic, xom_teletrap_fun, lemuel_another_geyser

Skill      XL: |  1  2  3  4 |
---------------+-------------+-----
Spellcasting   | | 11.4
Fighting       | 1 |  1.8
Long Blades    | 1 |  1.8
Axes           | 1 |  1.8
Maces & Flails | 1 |  1.8
Polearms       | 1 |  1.8
Staves         | 1 |  1.8
Slings         | 1 |  1.8
Bows           | 1 |  1.8
Crossbows      | 1 |  1.8
Throwing       | 1 |  1.8
Armour         | 1 |  1.8
Dodging        | 1 |  1.8
Stealth        | 1 |  1.8
Unarmed Combat | 1 |  1.8
Evocations     | 1 |  1.8
Shields        | 3 |  3.1
Conjurations   | 1 |  1.4
Hexes          | 1 |  1.4
Summonings     | 1 |  1.4
Necromancy     | 1 |  1.4
Translocations | 1 |  1.4
Transmutations | 1 |  1.4
Fire Magic     | 1 |  1.4
Ice Magic      | 1 |  1.4
Air Magic      | 1 |  1.4
Earth Magic    | 1 |  1.4
Poison Magic   | 1 |  1.4
Invocations    | 3 |  3.3
Short Blades   | |  4.9

Action                   |  1- 3 |  4- 6 || total
-------------------------+-------+-------++-------
Melee: Short sword       |    17 |       ||    17
       Dagger            |    37 |    87 ||   124
       Long sword        |     7 |       ||     7
       Bite              |     5 |     9 ||    14
       Falchion          |       |    38 ||    38
Throw: Stone             |     3 |       ||     3
 Cast: Sandblast         |    19 |       ||    19
       Shock             |       |    41 ||    41
  Use: Scroll            |       |     2 ||     2
 Stab: Sleeping          |       |     2 ||     2
Armor: Robe              |    17 |    30 ||    47
Dodge: Dodged            |    29 |    56 ||    85
Block: Buckler           |     9 |    22 ||    31
